Workbook
Name OLE_LINK1: 'Aug 2026'!#REF!
Name OLE_LINK1: 'Summary 2021'!#REF!

Sheet Summary 2021
C2: Association of Federal Government College Enugu Alumni in the Americas (AFGCEAA)
C3: 2021 FINANCIAL REPORT - YearTotal
C5: Operating Account | H5: Restricted Account | M5: Total
C6: · Beginning balance: | F6: 42755.36 | H6: · Beginning balance: | K6: =+#REF! -> #REF! | M6: · Beginning balance: | P6: =F6+K6 -> #REF!
D7: Income from operations: | F7: =SUM(F8:F15) -> #REF! | I7: Income from operations: | K7: =SUM(K8:K13) -> 0 | N7: Income from operations: | P7: =F7+K7 -> #REF!
D8: A. | E8: Toronto Receipts Income | F8: =+SUMIF(#REF!,'Summary 2021'!E8,#REF!)+SUMIF(#REF!,'Summary 2021'!E8,#REF!)+SUMIF(#REF!,'Summary 2021'!E8,#REF!)+SUMIF(#REF!,'Summary 2021'!E8,#REF!)+SUMIF(#REF!,'Summary 2021'!E8,#REF!)+SUMIF(#REF!,'Summary 2021'!E8,#REF!)+SUMIF(#REF!,'Summary 2021'!E8,#REF!)+SUMIF('Aug 2026'!$E$28:$F$46,'Summary 2021'!E8,'Aug 2026'!$F$28:$F$46)+SUMIF(#REF!,'Summary 2021'!E8,#REF!)+SUMIF(#REF!,'Summary 2021'!E8,#REF!)+SUMIF(#REF!,'Summary 2021'!E8,#REF!)+SUMIF(#REF!,'Summary 2021'!E8,#REF!) -> #REF! | I8: A. | J8: XXXX | K8: 0
D9: B. | E9: Toronto Income - Facebook | F9: =+SUMIF(#REF!,'Summary 2021'!E9,#REF!)+SUMIF(#REF!,'Summary 2021'!E9,#REF!)+SUMIF(#REF!,'Summary 2021'!E9,#REF!)+SUMIF(#REF!,'Summary 2021'!E9,#REF!)+SUMIF(#REF!,'Summary 2021'!E9,#REF!)+SUMIF(#REF!,'Summary 2021'!E9,#REF!)+SUMIF(#REF!,'Summary 2021'!E9,#REF!)+SUMIF('Aug 2026'!$E$28:$F$46,'Summary 2021'!E9,'Aug 2026'!$F$28:$F$46)+SUMIF(#REF!,'Summary 2021'!E9,#REF!)+SUMIF(#REF!,'Summary 2021'!E9,#REF!)+SUMIF(#REF!,'Summary 2021'!E9,#REF!)+SUMIF(#REF!,'Summary 2021'!E9,#REF!) -> #REF!
D10: C. | E10: Toronto Income - Stripe | F10: =+SUMIF(#REF!,'Summary 2021'!E10,#REF!)+SUMIF(#REF!,'Summary 2021'!E10,#REF!)+SUMIF(#REF!,'Summary 2021'!E10,#REF!)+SUMIF(#REF!,'Summary 2021'!E10,#REF!)+SUMIF(#REF!,'Summary 2021'!E10,#REF!)+SUMIF(#REF!,'Summary 2021'!E10,#REF!)+SUMIF(#REF!,'Summary 2021'!E10,#REF!)+SUMIF('Aug 2026'!$E$28:$F$46,'Summary 2021'!E10,'Aug 2026'!$F$28:$F$46)+SUMIF(#REF!,'Summary 2021'!E10,#REF!)+SUMIF(#REF!,'Summary 2021'!E10,#REF!)+SUMIF(#REF!,'Summary 2021'!E10,#REF!)+SUMIF(#REF!,'Summary 2021'!E10,#REF!) -> #REF!
D11: D. | E11: Amazon Income | F11: =+SUMIF(#REF!,'Summary 2021'!E11,#REF!)+SUMIF(#REF!,'Summary 2021'!E11,#REF!)+SUMIF(#REF!,'Summary 2021'!E11,#REF!)+SUMIF(#REF!,'Summary 2021'!E11,#REF!)+SUMIF(#REF!,'Summary 2021'!E11,#REF!)+SUMIF(#REF!,'Summary 2021'!E11,#REF!)+SUMIF(#REF!,'Summary 2021'!E11,#REF!)+SUMIF('Aug 2026'!$E$28:$F$46,'Summary 2021'!E11,'Aug 2026'!$F$28:$F$46)+SUMIF(#REF!,'Summary 2021'!E11,#REF!)+SUMIF(#REF!,'Summary 2021'!E11,#REF!)+SUMIF(#REF!,'Summary 2021'!E11,#REF!)+SUMIF(#REF!,'Summary 2021'!E11,#REF!) -> #REF!
D12: E. | E12: Westin Refund | F12: =+SUMIF(#REF!,'Summary 2021'!E12,#REF!)+SUMIF(#REF!,'Summary 2021'!E12,#REF!)+SUMIF(#REF!,'Summary 2021'!E12,#REF!)+SUMIF(#REF!,'Summary 2021'!E12,#REF!)+SUMIF(#REF!,'Summary 2021'!E12,#REF!)+SUMIF(#REF!,'Summary 2021'!E12,#REF!)+SUMIF(#REF!,'Summary 2021'!E12,#REF!)+SUMIF('Aug 2026'!$E$28:$F$46,'Summary 2021'!E12,'Aug 2026'!$F$28:$F$46)+SUMIF(#REF!,'Summary 2021'!E12,#REF!)+SUMIF(#REF!,'Summary 2021'!E12,#REF!)+SUMIF(#REF!,'Summary 2021'!E12,#REF!)+SUMIF(#REF!,'Summary 2021'!E12,#REF!) -> #REF!
D13: F. | E13: Int. Fee Refund | F13: =+SUMIF(#REF!,'Summary 2021'!E13,#REF!)+SUMIF(#REF!,'Summary 2021'!E13,#REF!)+SUMIF(#REF!,'Summary 2021'!E13,#REF!)+SUMIF(#REF!,'Summary 2021'!E13,#REF!)+SUMIF(#REF!,'Summary 2021'!E13,#REF!)+SUMIF(#REF!,'Summary 2021'!E13,#REF!)+SUMIF(#REF!,'Summary 2021'!E13,#REF!)+SUMIF('Aug 2026'!$E$28:$F$46,'Summary 2021'!E13,'Aug 2026'!$F$28:$F$46)+SUMIF(#REF!,'Summary 2021'!E13,#REF!)+SUMIF(#REF!,'Summary 2021'!E13,#REF!)+SUMIF(#REF!,'Summary 2021'!E13,#REF!)+SUMIF(#REF!,'Summary 2021'!E13,#REF!) -> #REF!
D14: G. | E14: Temp Credit Adj | F14: =+SUMIF(#REF!,'Summary 2021'!E14,#REF!)+SUMIF(#REF!,'Summary 2021'!E14,#REF!)+SUMIF(#REF!,'Summary 2021'!E14,#REF!)+SUMIF(#REF!,'Summary 2021'!E14,#REF!)+SUMIF(#REF!,'Summary 2021'!E14,#REF!)+SUMIF(#REF!,'Summary 2021'!E14,#REF!)+SUMIF(#REF!,'Summary 2021'!E14,#REF!)+SUMIF('Aug 2026'!$E$28:$F$46,'Summary 2021'!E14,'Aug 2026'!$F$28:$F$46)+SUMIF(#REF!,'Summary 2021'!E14,#REF!)+SUMIF(#REF!,'Summary 2021'!E14,#REF!)+SUMIF(#REF!,'Summary 2021'!E14,#REF!)+SUMIF(#REF!,'Summary 2021'!E14,#REF!) -> #REF!
D15: F. | E15: Refund - Upwork | F15: =+SUMIF(#REF!,'Summary 2021'!E15,#REF!)+SUMIF(#REF!,'Summary 2021'!E15,#REF!)+SUMIF(#REF!,'Summary 2021'!E15,#REF!)+SUMIF(#REF!,'Summary 2021'!E15,#REF!)+SUMIF(#REF!,'Summary 2021'!E15,#REF!)+SUMIF(#REF!,'Summary 2021'!E15,#REF!)+SUMIF(#REF!,'Summary 2021'!E15,#REF!)+SUMIF('Aug 2026'!$E$28:$F$46,'Summary 2021'!E15,'Aug 2026'!$F$28:$F$46)+SUMIF(#REF!,'Summary 2021'!E15,#REF!)+SUMIF(#REF!,'Summary 2021'!E15,#REF!)+SUMIF(#REF!,'Summary 2021'!E15,#REF!)+SUMIF(#REF!,'Summary 2021'!E15,#REF!) -> #REF!
D16: Expense from operations: | F16: =SUM(F17:F23) -> #REF! | I16: Expense from operations: | K16: =SUM(K17:K23) -> 0 | N16: Expense from operations: | P16: =F16+K16 -> #REF!
D17: A. | E17: Event Fee | F17: =+SUMIF(#REF!,'Summary 2021'!E17,#REF!)+SUMIF(#REF!,'Summary 2021'!E17,#REF!)+SUMIF(#REF!,'Summary 2021'!E17,#REF!)+SUMIF(#REF!,'Summary 2021'!E17,#REF!)+SUMIF(#REF!,'Summary 2021'!E17,#REF!)+SUMIF(#REF!,'Summary 2021'!E17,#REF!)+SUMIF(#REF!,'Summary 2021'!E17,#REF!)+SUMIF('Aug 2026'!$E$28:$F$46,'Summary 2021'!E17,'Aug 2026'!$F$28:$F$46)+SUMIF(#REF!,'Summary 2021'!E17,#REF!)+SUMIF(#REF!,'Summary 2021'!E17,#REF!)+SUMIF(#REF!,'Summary 2021'!E17,#REF!)+SUMIF(#REF!,'Summary 2021'!E17,#REF!) -> #REF! | I17: A. | J17: XXXX | K17: 0
D18: B. | E18: Bank Fee | F18: =+SUMIF(#REF!,'Summary 2021'!E18,#REF!)+SUMIF(#REF!,'Summary 2021'!E18,#REF!)+SUMIF(#REF!,'Summary 2021'!E18,#REF!)+SUMIF(#REF!,'Summary 2021'!E18,#REF!)+SUMIF(#REF!,'Summary 2021'!E18,#REF!)+SUMIF(#REF!,'Summary 2021'!E18,#REF!)+SUMIF(#REF!,'Summary 2021'!E18,#REF!)+SUMIF('Aug 2026'!$E$28:$F$46,'Summary 2021'!E18,'Aug 2026'!$F$28:$F$46)+SUMIF(#REF!,'Summary 2021'!E18,#REF!)+SUMIF(#REF!,'Summary 2021'!E18,#REF!)+SUMIF(#REF!,'Summary 2021'!E18,#REF!)+SUMIF(#REF!,'Summary 2021'!E18,#REF!) -> #REF!
D19: C. | E19: Domain Hosting fee | F19: =+SUMIF(#REF!,'Summary 2021'!E19,#REF!)+SUMIF(#REF!,'Summary 2021'!E19,#REF!)+SUMIF(#REF!,'Summary 2021'!E19,#REF!)+SUMIF(#REF!,'Summary 2021'!E19,#REF!)+SUMIF(#REF!,'Summary 2021'!E19,#REF!)+SUMIF(#REF!,'Summary 2021'!E19,#REF!)+SUMIF(#REF!,'Summary 2021'!E19,#REF!)+SUMIF('Aug 2026'!$E$28:$F$46,'Summary 2021'!E19,'Aug 2026'!$F$28:$F$46)+SUMIF(#REF!,'Summary 2021'!E19,#REF!)+SUMIF(#REF!,'Summary 2021'!E19,#REF!)+SUMIF(#REF!,'Summary 2021'!E19,#REF!)+SUMIF(#REF!,'Summary 2021'!E19,#REF!) -> #REF!
D20: D. | E20: Videoblocks | F20: =+SUMIF(#REF!,'Summary 2021'!E20,#REF!)+SUMIF(#REF!,'Summary 2021'!E20,#REF!)+SUMIF(#REF!,'Summary 2021'!E20,#REF!)+SUMIF(#REF!,'Summary 2021'!E20,#REF!)+SUMIF(#REF!,'Summary 2021'!E20,#REF!)+SUMIF(#REF!,'Summary 2021'!E20,#REF!)+SUMIF(#REF!,'Summary 2021'!E20,#REF!)+SUMIF('Aug 2026'!$E$28:$F$46,'Summary 2021'!E20,'Aug 2026'!$F$28:$F$46)+SUMIF(#REF!,'Summary 2021'!E20,#REF!)+SUMIF(#REF!,'Summary 2021'!E20,#REF!)+SUMIF(#REF!,'Summary 2021'!E20,#REF!)+SUMIF(#REF!,'Summary 2021'!E20,#REF!) -> #REF!
D21: E. | E21: Credit Reversal | F21: =+SUMIF(#REF!,'Summary 2021'!E21,#REF!)+SUMIF(#REF!,'Summary 2021'!E21,#REF!)+SUMIF(#REF!,'Summary 2021'!E21,#REF!)+SUMIF(#REF!,'Summary 2021'!E21,#REF!)+SUMIF(#REF!,'Summary 2021'!E21,#REF!)+SUMIF(#REF!,'Summary 2021'!E21,#REF!)+SUMIF(#REF!,'Summary 2021'!E21,#REF!)+SUMIF('Aug 2026'!$E$28:$F$46,'Summary 2021'!E21,'Aug 2026'!$F$28:$F$46)+SUMIF(#REF!,'Summary 2021'!E21,#REF!)+SUMIF(#REF!,'Summary 2021'!E21,#REF!)+SUMIF(#REF!,'Summary 2021'!E21,#REF!)+SUMIF(#REF!,'Summary 2021'!E21,#REF!) -> #REF!
D22: F. | E22: Stripe Reimbursements | F22: =+SUMIF(#REF!,'Summary 2021'!E22,#REF!)+SUMIF(#REF!,'Summary 2021'!E22,#REF!)+SUMIF(#REF!,'Summary 2021'!E22,#REF!)+SUMIF(#REF!,'Summary 2021'!E22,#REF!)+SUMIF(#REF!,'Summary 2021'!E22,#REF!)+SUMIF(#REF!,'Summary 2021'!E22,#REF!)+SUMIF(#REF!,'Summary 2021'!E22,#REF!)+SUMIF('Aug 2026'!$E$28:$F$46,'Summary 2021'!E22,'Aug 2026'!$F$28:$F$46)+SUMIF(#REF!,'Summary 2021'!E22,#REF!)+SUMIF(#REF!,'Summary 2021'!E22,#REF!)+SUMIF(#REF!,'Summary 2021'!E22,#REF!)+SUMIF(#REF!,'Summary 2021'!E22,#REF!) -> #REF!
D23: G. | E23: Purchase - Upwork | F23: =+SUMIF(#REF!,'Summary 2021'!E23,#REF!)+SUMIF(#REF!,'Summary 2021'!E23,#REF!)+SUMIF(#REF!,'Summary 2021'!E23,#REF!)+SUMIF(#REF!,'Summary 2021'!E23,#REF!)+SUMIF(#REF!,'Summary 2021'!E23,#REF!)+SUMIF(#REF!,'Summary 2021'!E23,#REF!)+SUMIF(#REF!,'Summary 2021'!E23,#REF!)+SUMIF('Aug 2026'!$E$28:$F$46,'Summary 2021'!E23,'Aug 2026'!$F$28:$F$46)+SUMIF(#REF!,'Summary 2021'!E23,#REF!)+SUMIF(#REF!,'Summary 2021'!E23,#REF!)+SUMIF(#REF!,'Summary 2021'!E23,#REF!)+SUMIF(#REF!,'Summary 2021'!E23,#REF!) -> #REF!
C25: · Ending balance: | F25: =F6+F7-F16 -> #REF! | H25: · Ending balance: | K25: =K6+K7-K16 -> #REF! | M25: · Ending balance: | P25: =F25+K25 -> #REF!
C27: Respectfully Submitted
D28: Nora Agajelu – Treasurer
D29: Chuba Mbaneme – Financial Secretary
F36: =+F25-#REF! -> #REF! | K36: =+K25-#REF! -> #REF! | P36: =+P25-#REF! -> #REF!

Sheet Aug 2026
C2: Association of Federal Government College Enugu Alumni in the Americas (AFGCEAA)
C3: 2026 FINANCIAL REPORT - August
C5: Operating Account | H5: Restricted Account | M5: Total
C6: · Beginning balance: | F6: 44534.32 | H6: · Beginning balance: | K6: 29424.19 | M6: · Beginning balance: | P6: =F6+K6 -> 73958.51
D7: Income from operations: | F7: =+SUM(F8:F27) -> 35956.79 | I7: Income from operations: | K7: =+SUM(K8) -> 0 | N7: Income from operations: | P7: =F7+K7 -> 35956.79
E8: Annual Dues | F8: 8740 | K8: 0
E9: Fundraiser: Angela Chukwudolue | F9: 5000
E10: The Clowes Fund | F10: 5000
E11: Paypal Transfers | F11: 4799.95
E12: Stripe Transfers | F12: 4366.84
E13: NW Med. Assoc. of Chicago | F13: 2500
E14: Fundraiser: Weber Legal Nursing Inc. | F14: 1500
E15: Fundraiser: Paul Ndupuechi | F15: 500
E16: BOA Mobile Deposit | F16: 500
E17: Fundraiser: Judith Gwankobe | F17: 500
E18: AffiniPay LLC | F18: 500
E19: Fundraiser: Onobun Oriaifo | F19: 500
E20: Fundraiser: Chuka Okonkwo | F20: 450
... E26: Nnaemeka Osakwe | F26: 40
D28: Expense from operations: | F28: =+SUM(F29:F46) -> 52870.26 | I28: Expense from operations: | K28: =SUM(K29:K46) -> 555 | N28: Expense from operations: | P28: =F28+K28 -> 53425.26
E29: Wildapricot.com | F29: 87.13 | J29: Paypal Transfer | K29: 555
E30: Travis Perry | F30: 150
E31: Fozzy.com | F31: 175.54
E32: Corporate Filings LLC | F32: 298
E33: Ifeanyi Onukwube | F33: 300
E34: Jide Nzelibe | F34: 350
E35: Chiamaka Chikwendu | F35: 400
E36: Delaware Corp & Tax | F36: 591
E37: Christiana Davies | F37: 650
E38: Alexey Gretskiy | F38: 700
E39: Decoration | F39: 1500
E40: Acophe Global Solution LLC | F40: 1500
E41: Abitem Innovation LLC | F41: 1904
... E44: Hyatt Regency Chicago Event | F44: 33481.34
C48: · Ending balance: | F48: =F6+F7-F28 -> 27620.85 | H48: · Ending balance: | K48: =K6+K7-K28 -> 28869.19 | M48: · Ending balance: | P48: =F48+K48 -> 56490.04
C50: Respectfully Submitted
D51: Chi Ikoku – Treasurer
D52: Onochie Obijiofor – Financial Secretary

Sheet Operating Account Details
A1: Description | C1: Summary Amt.
A2: Beginning balance as of 08/01/2026 | C2: 44534.32
A3: Total credits | C3: 35956.79
A4: Total debits | C4: -52870.26
A5: Ending balance as of 08/31/2026 | C5: 27620.85
A7: Date | B7: Description | C7: Amount | D7: Available Bal. | E7: Dec. for Pvt Table
A8: 46237 | B8: Zelle payment from NORTHWEST MEDICAL ASSOCIATES OF CHICAGO for silver sponser federal gala OGB Aneziokoro"; Conf# 99crlcb1f" | C8: 2500 | D8: 47034.32 | E8: NW Med. Assoc. of Chicago
A9: 46237 | B9: AffiniPay LLC DES:PAYOUT ID:PS32222223CJ6Z4 INDN:AFGCEAA Corporation CO ID:9262442832 CCD PMT INFO:TRN*1*PS32222223CJ6Z4**38E9K26BVJMJ8TBJ\ RMR*IK*AffiniPay PS32222223CJ6Z4\ | C9: 200 | D9: 47234.32 | E9: AffiniPay LLC
A10: 46237 | B10: Zelle payment from ELSIE LULU OFOH for For DR. Elsie Ofoh 2026 Dues..Email: LULUELSIE"; Conf# AA0cHC26P" | C10: 100 | D10: 47334.32 | E10: Annual Dues
A11: 46237 | B11: Zelle payment from TUNDE H OWOIYA for AFGCEAA 2026 dues."; Conf# 99crhmist" | C11: 100 | D11: 47434.32 | E11: Annual Dues
A12: 46237 | B12: Zelle payment from Ikechukwu R Agbim Conf# 411682461 | C12: 100 | D12: 47534.32 | E12: Annual Dues
A13: 46237 | B13: Zelle payment from EDOZIE N ANUSIONWU for 2026 AFGCEAA Due"; Conf# 99crj6vqu" | C13: 100 | D13: 47634.32 | E13: Annual Dues
A14: 46237 | B14: Zelle payment from IKECHUKWU NZECHE for ANNUAL DUES"; Conf# T22H83LY2" | C14: 100 | D14: 47734.32 | E14: Annual Dues
A15: 46237 | B15: Zelle payment from GREG ODIKPO for GREG ODIKPO 91 SET GREGGS44@YAHOO.COM"; Conf# T22H9CHDJ" | C15: 100 | D15: 47834.32 | E15: Annual Dues
A16: 46237 | B16: Zelle payment from BRONMICH LLC for Dues Emeka Okafor class of 89 unity house"; Conf# 99crkbwsa" | C16: 100 | D16: 47934.32 | E16: Annual Dues
A17: 46237 | B17: Zelle payment from OKECHI N IGWEBUIKE for okechi igwebuike Annual Dues"; Conf# 99crhicqa" | C17: 100 | D17: 48034.32 | E17: Annual Dues
A18: 46237 | B18: Zelle payment from NKEIRU UCHEM for 2026 ANNUAL DUES"; Conf# T22H8LK6F" | C18: 100 | D18: 48134.32 | E18: Annual Dues
A19: 46237 | B19: Zelle payment from CHIKE C ANUSIONWU for 2026 AFGCEAA dues"; Conf# 99crj4069" | C19: 100 | D19: 48234.32 | E19: Annual Dues
... A153: 46262 | B153: The Clowes Fund, DES:Receivable ID:996SDWFHA1973TT INDN:AFGCEAA CORPORATION CO ID:1204895317 CCD PMT INFO:996SDWFHA1973TT The Clowes Fund, Bill.co m Inv Req10911PR10111 | C153: 5000 | D153: 27620.85 | E153: The Clowes Fund

Sheet Operating Acct. Pivot
A3: Row Labels | B3: Sum of Amount
A4: Annual Dues | B4: 8740
A5: Fundraiser: Angela Chukwudolue | B5: 5000
A6: The Clowes Fund | B6: 5000
A7: Paypal Transfer | B7: 4799.95
A8: Stripe Transfer | B8: 4366.84
A9: NW Med. Assoc. of Chicago | B9: 2500
A10: Fundraiser: Weber Legal Nursing Inc. | B10: 1500
A11: Fundraiser: Paul Ndupuechi | B11: 500
A12: BOA Mobile Deposit | B12: 500
A13: Fundraiser: Judith Gwankobe | B13: 500
A14: AffiniPay LLC | B14: 500
A15: Fundraiser: Onobun Oriaifo | B15: 500
... A39: Grand Total | B39: -16913.47

Sheet Restricted Account Details
A1: Description | C1: Summary Amt.
A2: Beginning balance as of 08/01/2026 | C2: 29424.19
A3: Total credits | C3: 0
A4: Total debits | C4: -555
A5: Ending balance as of 08/31/2026 | C5: 28869.19
A7: Date | B7: Description | C7: Amount | D7: Running Bal.
A8: 46235 | B8: Beginning balance as of 08/01/2026 | D8: 29424.19
A9: 46244 | B9: PAYPAL DES:PURCHASE ID:DJMAMZY154 INDN:AFGCEAA CORPORATION CO ID:PAYPALSI77 WEB | C9: -555 | D9: 28869.19
